 Dungeon Crawl Stone Soup version 0.26.1-11-gd32895ea62 (webtiles) character file.

Game seed: 16233474453722367229

71 Almogavar the Firebug (level 4, -5/30 HPs)
             Began as a Human Fire Elementalist on June 19, 2021.
             Slain by a scorpion (9 damage)
             ... on level 3 of the Dungeon.
             The game lasted 00:06:39 (2378 turns).

Almogavar the Firebug (Human Fire Elementalist)     Turns: 2378, Time: 00:06:40

Health: -5/30      AC:  2    Str:  9    XL:     4   Next: 47%
Magic:  0/8        EV: 12    Int: 16    God:
Gold:   102        SH:  0    Dex: 13    Spells: 7/8 levels left

rFire    . . .     SeeInvis .   c - +0 short sword (curse)
rCold    . . .     Faith    .   (no shield)
rNeg     . . .     Spirit   .   a - +0 robe
rPois    .         Reflect  .   (no helmet)
rElec    .         Harm     .   (no cloak)
rCorr    .         Rampage  .   (no gloves)
Will     .....                  (no boots)
Stlth    ++........             (no amulet)
HPRegen  0.10/turn              (no ring)
MPRegen  0.11/turn              (no ring)

@: lethally poisoned (-5 -> -8)
A: no striking features
a: no special abilities


You were on level 3 of the Dungeon.
You visited 1 branch of the dungeon, and saw 3 of its levels.

You collected 102 gold pieces.

Inventory:

Hand Weapons
 c - a cursed +0 short sword (weapon)
 g - a +0 vampiric dagger
 i - a +1 dagger of flaming
Armour
 a - a +0 robe (worn)
 d - a +0 leather armour
Wands
 e - a wand of random effects (11)
Scrolls
 k - a scroll of remove curse
 n - a scroll of enchant weapon {unknown}
 p - a scroll of amnesia {unknown}
Potions
 b - a potion of haste
 f - 2 potions of might
 h - a potion of invisibility
 j - a potion of cancellation
 m - a potion of curing {unknown}
 o - a potion of heal wounds {unknown}


   Skills:
 + Level 2.2 Dodging
 + Level 2.3 Stealth
 + Level 2.8 Spellcasting
 + Level 1.9 Conjurations
 + Level 3.6 Fire Magic


You had 7 spell levels left.
You knew the following spells:

 Your Spells              Type           Power        Failure   Level
a - Foxfire               Conj/Fire      44%          6%          1

Your spell library contained the following spells:

 Spells                   Type           Power        Failure   Level
 Conjure Flame            Conj/Fire      11%          19%         3
 Inner Flame              Hex/Fire       8%           26%         3
 Sticky Flame             Conj/Fire      11%          52%         4
 Fireball                 Conj/Fire      5%           86%         5


Dungeon Overview and Level Annotations

Branches:
Dungeon (3/15)

Altars:


Message History

Casting: Foxfire (safe; 6% risk of failure)
Confirm with . or Enter, or press ? or * to list all spells.
You conjure some foxfire!
The scorpion stings you!
* * * LOW HITPOINT WARNING * * *
Your foxfire dissipates!
* * * LOW HITPOINT WARNING * * *
You feel sick.
The foxfire hits the scorpion but does no damage.
The scorpion is moderately wounded.
Casting: Foxfire (safe; 6% risk of failure)
Confirm with . or Enter, or press ? or * to list all spells.
You don't have enough magic to cast that spell.
Unknown command.
You completely miss the scorpion.
The scorpion is moderately wounded.
The scorpion barely misses you.
You closely miss the scorpion.
The scorpion is moderately wounded.
The scorpion stings you!
You die...

#<# ..# #.# #######.# #.#
#.. ..#.# #.# #.# #.#.# #.#
#.# #.#.#########.#
#.###.............####.##
#)##............)........
#.#..†.....s@.........#####
<#................####.#
.....####.#######....# .#
...........#######....# ..
#.....##..†...........# ..
#...s
#..................... #...
#..........##.#.##. .##
#... #..........##.#.#
###.#########.#.#


You could see a scorpion.

Vanquished Creatures
  An adder (D:2)
  2 oozes
  2 dart slugs
  A leopard gecko (D:1)
  An orc (D:3)
  3 giant cockroaches
  6 goblins
  A hobgoblin (D:1)
  4 jackals
  6 bats
  5 frilled lizards
  9 kobolds
  7 rats
48 creatures vanquished.

Vanquished Creatures (others)
  123 foxfires
123 creatures vanquished.

Grand Total: 171 creatures vanquished

Notes
Turn   | Place    | Note
-------+----------+-------------------------------------------
     0 | D:1      | Almogavar the Human Fire Elementalist began the quest for
                  | the Orb.
     0 | D:1      | Reached XP level 1. HP: 13/13 MP: 3/3
   543 | D:1      | Reached XP level 2. HP: 19/19 MP: 3/5
   886 | D:1      | Reached XP level 3. HP: 24/24 MP: 4/6
  1607 | D:2      | Reached XP level 4. HP: 30/30 MP: 5/7
  2378 | D:3      | Slain by a scorpion

Illustrated notes

Levels and vault maps discovered:
D:1:      shiori_arrival_oz, layout_basic
D:2:      layout_loops_cross
D:3:      layout_basic, minitemple, chequers_ecumenical_altar_grove,
          uniq_sigmund

Action                   |  1- 3 |  4- 6 || total
-------------------------+-------+-------++-------
Melee: Short sword       |     1 |     2 ||     3
 Cast: Foxfire           |    46 |    30 ||    76
  Use: Scroll            |     5 |     1 ||     6
 Stab: Sleeping          |     1 |       ||     1
Armor: Robe              |    10 |     3 ||    13
Dodge: Dodged            |    34 |    10 ||    44
